 Dungeon Crawl Stone Soup version 0.25.0-9-g26727b657a (webtiles) character file.

Game seed: 16361295558242298310

26 Infinimo the Magician (level 2, -3/19 HPs)
             Began as a Mummy Wizard on June 17, 2020.
             Slain by Terence
             ... wielding a +0 morningstar
              (4 damage)
             ... on level 2 of the Dungeon.
             The game lasted 00:01:54 (1766 turns).

Infinimo the Magician (Mummy Wizard)                Turns: 1766, Time: 00:01:55

Health: -3/19      AC:  2    Str: 10    XL:     2   Next: 89%
Magic:  2/7        EV: 12    Int: 17    God:
Gold:   46         SH:  0    Dex: 10    Spells: 6/9 levels left

rFire    x . .     SeeInvis .   g - +0 whip
rCold    + . .     Gourm    .   (no shield)
rNeg     + + +     Faith    .   a - +0 robe
rPois    ∞         Spirit   .   b - +0 hat
rElec    .         Reflect  .   (no cloak)
rCorr    .         Harm     .   (no gloves)
MR       .....                  (no boots)
Stlth    ++........             (no amulet)
HPRegen  0.06/turn              (no ring)
MPRegen  0.10/turn              (no ring)

@: very slightly contaminated
A: no food or potions, fire vulnerability, cold resistance 1, negative energy
resistance 3, torment resistance, unbreathing
a: no special abilities


You were on level 2 of the Dungeon.
You were not hungry.

You visited 1 branch of the dungeon, and saw 2 of its levels.

You collected 46 gold pieces.

Inventory:

Hand Weapons
 g - a +0 whip (weapon)
Armour
 a - a +0 robe (worn)
 b - a +0 hat (worn)
 e - a +0 buckler
Scrolls
 c - a scroll of teleportation {unknown}
 d - 2 scrolls of identify {unknown}
 f - a scroll of fog {unknown}
 h - a scroll of remove curse {unknown}


   Skills:
 - Level 1.5 Dodging
 - Level 1.5 Stealth
 + Level 4.4 Spellcasting
 * Level 2.0 Conjurations
 - Level 0.7 Summonings
   Level 0.7 Translocations


You had 6 spell levels left.
You knew the following spells:

 Your Spells              Type           Power        Failure   Level  Hunger
a - Magic Dart            Conj           ##..         7%          1    N/A
b - Call Imp              Summ           #.......     17%         2    N/A

Your spell library contained the following spells:

 Spells                   Type           Power        Failure   Level  Hunger
 Blink                    Tloc           N/A          17%         2    N/A
 Slow                     Hex            #.......     22%         2    N/A
 Conjure Flame            Conj/Fire      #.......     30%         3    N/A
 Mephitic Cloud           Conj/Pois/Air  #.......     34%         3    N/A

Dungeon Overview and Level Annotations

Branches:
Dungeon (2/15)

Altars:

Annotations:
D:2 Terence


Innate Abilities, Weirdness & Mutations

You do not eat or drink.
Your flesh is vulnerable to fire.
You are immune to poison.
Your flesh is cold resistant. (rC+)
You are immune to negative energy. (rN+++)
You are immune to unholy pain and torment.
You can survive without breathing.


Message History

Your crimson imp barely misses Terence.
Terence hits your crimson imp with a +0 morningstar.
Your crimson imp hits Terence but does no damage.
Terence barely misses your crimson imp.
Your crimson imp barely misses Terence.
Terence closely misses your crimson imp.
Your crimson imp hits Terence but does no damage.
Your crimson imp hits Terence but does no damage.
Terence hits your crimson imp with a +0 morningstar!
Your crimson imp dies!
Terence hits your white imp with a +0 morningstar!
Your white imp gestures at Terence.
The puff of frost hits Terence!
Your white imp barely misses Terence.
Terence hits your white imp with a +0 morningstar.
Your white imp dies!
Terence hits you with a +0 morningstar! Terence hits you with a +0 morningstar!
* * * LOW HITPOINT WARNING * * *
Terence hits you with a +0 morningstar.
You die...

#. ##. .##.. ..#.#
#.#.# #.#.#
#########.#.#
#...........#
#.#######@.## #. #%@#
.. ###.<# ##@ #....#
##.#####.##.#
?.......#....#
........###..#
....w...# #..#
#...(.....###..#
#..............#######


You could see Terence.

Vanquished Creatures
  An adder (D:1)
  2 dart slugs
  A bat (D:1)
  2 goblins
  2 hobgoblins (D:1)
  A kobold (D:2)
  2 ball pythons (D:1)
  3 frilled lizards (D:1)
  2 rats (D:1)
16 creatures vanquished.

Notes
Turn   | Place    | Note
-------+----------+-------------------------------------------
     0 | D:1      | Infinimo the Mummy Wizard began the quest for the Orb.
     0 | D:1      | Reached XP level 1. HP: 13/13 MP: 5/5
   121 | D:1      | Reached skill level 1 in Conjurations
   482 | D:1      | Reached XP level 2. HP: 19/19 MP: 2/7
  1387 | D:2      | Noticed Terence
  1529 | D:1      | Learned a level 2 spell: Call Imp
  1766 | D:2      | Slain by Terence

Illustrated notes

Levels and vault maps discovered:
D:1:      dpeg_arrival_three_same_balls, layout_basic
D:2:      layout_loops_ring, marbit_many_paths, uniq_terence

Skill      XL: |  1  2 |
---------------+-------+-----
Conjurations   | 1 2 |  2.0
Dodging        | |  1.5
Stealth        | |  1.5
Spellcasting   | |  4.4
Summonings     | |  0.7
Translocations | |  0.7

Action                   || total
-------------------------++-------
 Cast: Magic Dart        ||    39
       Call Imp          ||     2
Dodge: Dodged            ||    11
